 Dungeon Crawl Stone Soup version 0.14-a0-1707-g75daffb (webtiles) character file.

255 Jenx the Cutter (level 4, 0/23 HPs)
             Began as a Spriggan Abyssal Knight on Dec 31, 2013.
             Was a Priest of Lugonu.
             Slain by a centaur (1 damage)
             ... on Level 3 of the Dungeon.
             The game lasted 00:09:26 (2761 turns).

Jenx the Cutter (Spriggan Abyssal Knight)           Turns: 2761, Time: 00:09:26

HP   0/23        AC  3     Str 10      XL: 4   Next: 46%
MP   9/9         EV 18     Int 14      God: Lugonu [***...]
Gold 155         SH  0     Dex 15      Spells:  0 memorised,  3 levels left

rFire  . . .     SeeInvis +     a - +2 short sword
rCold  . . .     Clarity  .     x - +0 robe
rNeg   . . .     Conserve .     (shield restricted)
rPois  .         rCorr    .     (helmet restricted)
rElec  .         rRot     .     s - +0 cloak
SustAb . .       Spirit   .     (gloves unavailable)
rMut   .         Warding  .     (boots unavailable)
Saprov . . .     Stasis   .     (no amulet)
                                (no ring)
                                k - +2 ring of strength

@: very quick, slightly resistant to hostile enchantments, stealthy
A: unfitting armour, see invisible, herbivore 3, speed 3, slow metabolism 2
a: Depart the Abyss, Bend Space, Banish, Renounce Religion


You were on level 3 of the Dungeon.
You worshipped Lugonu.
Lugonu was most pleased with you.
You were not hungry.

You visited 1 branch of the dungeon, and saw 3 of its levels.
You visited the Abyss 1 time.

You collected 155 gold pieces.

Inventory:

Hand weapons
 a - a +2,+2 short sword (weapon)
 b - a +0,+1 sling of frost
Missiles
 g - 31 sling bullets
 n - 20 darts (quivered)
 z - 23 stones
Armour
 s - a +0 cloak (worn)
 x - a +0 robe (worn)
Comestibles
 h - a pear
 l - an orange
 r - a bread ration
Scrolls
 d - 3 scrolls of fog {unknown}
 f - a scroll of remove curse {unknown}
 i - 2 scrolls of random uselessness {unknown}
 m - 2 scrolls of enchant armour {unknown}
 o - a scroll of amnesia {unknown}
 p - 2 scrolls of immolation {unknown}
 q - 2 scrolls of teleportation
 y - 2 scrolls of identify
Jewellery
 k - a +2 ring of strength (left hand)
Potions
 c - a potion of porridge
 e - 6 potions of curing
 j - 2 potions of might {unknown}
 t - 2 potions of cure mutation {unknown}
 u - a potion of beneficial mutation {unknown}
 v - a potion of mutation {unknown}
 w - a potion of heal wounds {unknown}


   Skills:
 - Level 2.4 Fighting
 - Level 4.1 Short Blades
 - Level 3.5 Dodging
 - Level 4.0 Stealth
 + Level 2.1 Invocations


You had 3 spell levels left.
You didn't know any spells.

Dungeon Overview and Level Annotations

Branches:
Dungeon (3/16)

Altars:
Elyvilon
the Shining One


Innate Abilities, Weirdness & Mutations

You are tiny and cannot use many weapons and most armour.
You have supernaturally acute eyesight.
You are a herbivore.
You cover ground extremely quickly.
You need consume almost no food.


Message History

You barely miss the centaur.
The centaur is heavily wounded.
The centaur closely misses you.
You hit the centaur.
The centaur is severely wounded.
The centaur barely misses you.
You hit the centaur.
The centaur is almost dead.
The centaur barely misses you.
You barely miss the centaur.
The centaur is almost dead.
The centaur closely misses you. The centaur completely misses you.
You barely miss the centaur.
The centaur is severely wounded.
The centaur hits you!
* * * LOW HITPOINT WARNING * * *
You hit the centaur but do no damage.
The centaur is severely wounded.
The centaur hits you.
You die...

#.##'#######[#..
#..........#.#.#
#..........#.#.#
#..........#.#.#
#..............#
#..#+#########.#
....
######.#####
#..o
#..........#
##..
#.......@c.# #.#
#..........#
#..........#
#..........#
..........#
####+#####


You could see a centaur.

Vanquished Creatures
  An orc wizard (D:3)
  An adder (D:3)
  An inept item mimic (D:3)
  A worm (D:2)
  2 giant geckos (D:2)
  2 ball pythons (D:1)
  A giant cockroach (D:1)
  6 hobgoblins
  3 jackals
  3 quokkas
  5 bats
  A giant newt (D:1)
  10 goblins
  11 kobolds
  8 rats
56 creatures vanquished.

Notes
Turn   | Place    | Note
--------------------------------------------------------------
     0 | Abyss:1  | Jenx, the Spriggan Abyssal Knight, began the quest for the Orb.
     0 | Abyss:1  | Reached XP level 1. HP: 11/11 MP: 2/2
    63 | D:1      | Escaped the Abyss
   139 | D:1      | Reached skill level 1 in Stealth
   413 | D:1      | Reached XP level 2. HP: 11/16 MP: 4/4
   482 | D:1      | Acquired Lugonu's second power
   815 | D:1      | Reached skill level 4 in Stealth
   972 | D:2      | Reached XP level 3. HP: 14/19 MP: 6/6
  1824 | D:2      | Acquired Lugonu's third power
  1857 | D:2      | Found a white marble altar of Elyvilon.
  2155 | D:3      | Found a glowing golden altar of the Shining One.
  2412 | D:3      | Reached XP level 4. HP: 13/23 MP: 9/9
  2744 | D:3      | Noticed a centaur
  2760 | D:3      | HP: 1/23 [centaur (10)]
  2761 | D:3      | Slain by a centaur

Action                   |  1- 3 |  4- 6 || total
-------------------------+-------+-------++-------
Melee: Short sword       |   160 |    26 ||   186
 Fire: Sling             |     5 |       ||     5
Throw: Dart              |    13 |       ||    13
  Use: Scroll            |     4 |       ||     4
       Potion            |     1 |       ||     1
 Stab: Sleeping          |     5 |       ||     5
       Distracted        |     1 |       ||     1
